PR
OGALLALA OCTOPI @ MEMPHIS MUSIC
05/31/2034
 
TOP OF THE 1ST
Ogallala Octopi batting - Pitching for Memphis Music : LHP Brant Mielke
Pitching: LHP Brant Mielke
Batting: RHB Salvador Gisbert 0-0: Foul Ball, location: 2F
0-1: Called Strike
0-2: Strikes out swinging
Batting: RHB Phil van Oosterom 0-0: Ball
1-0: Swinging Strike
1-1: Ball
2-1: Ball
3-1: Base on Balls
Batting: RHB Carlos Martínez 0-0: Ball
1-0: Called Strike
1-1: Called Strike
1-2: Ball
2-2: Ball
3-2: Foul Ball, location: 2F
3-2: Base on Balls
Phil van Oosterom to second
Batting: LHB Lauren Hilfiker 0-0: Called Strike
0-1: Ball
1-1: Swinging Strike
1-2: Strikes out looking
Batting: RHB Alejandro Cantú 0-0: Swinging Strike
0-1: Foul Ball, location: 2F
0-2: Foul Ball, location: 2F
0-2: Fly out, F8 (Line Drive, 8LD)
Top of the 1st over - 0 runs, 0 hits, 0 errors, 2 left on base; Ogallala 0 - Memphis 0
BOTTOM OF THE 1ST
Memphis Music batting - Pitching for Ogallala Octopi : LHP Venceslau Martelo
Pitching: LHP Venceslau Martelo
Batting: LHB Klaas Westerduin 0-0: Ball
1-0: Bunt for hit - play at first, batter safe!
Batting: RHB Clint Morgan 0-0: Ground out U3 (Groundball, 3S)
Klaas Westerduin to second
Batting: RHB Ethan Brierley 0-0: Ball
1-0: Fly out, F8 (Flyball, 8RD)
Batting: RHB Pellervo Rintanen 0-0: Called Strike
0-1: Ball
1-1: Ball
2-1: Fly out, F7 (Flyball, 78D)
Bottom of the 1st over - 0 runs, 1 hit, 0 errors, 1 left on base; Ogallala 0 - Memphis 0
TOP OF THE 2ND
Ogallala Octopi batting - Pitching for Memphis Music : LHP Brant Mielke
Batting: RHB Kao-tsu Koo 0-0: Ball
1-0: Ball
2-0: Fly out, F7 (Flyball, 7LMF)
Batting: RHB David Stone 0-0: Foul Ball, location: 2F
0-1: Ball
1-1: Ball
2-1: SINGLE (Groundball, 6MS) (infield hit)
Batting: RHB Ricardo Torres 0-0: Called Strike
0-1: Ball
1-1: Ball
2-1: Ball
3-1: Called Strike
3-2: Foul Ball, location: 2F
3-2: Base on Balls
David Stone to second
Batting: RHB Mike Moss 0-0: Foul Ball, location: 2F
0-1: Ball
1-1: Ball
2-1: Foul Ball, location: 2F
2-2: Ball
3-2: Base on Balls
David Stone to third
Ricardo Torres to second
Batting: RHB Salvador Gisbert 0-0: Fly out, F6 (Flyball, 56D)
Batting: RHB Phil van Oosterom 0-0: Fly out, F9 (Flyball, 9S)
Top of the 2nd over - 0 runs, 1 hit, 0 errors, 3 left on base; Ogallala 0 - Memphis 0
BOTTOM OF THE 2ND
Memphis Music batting - Pitching for Ogallala Octopi : LHP Venceslau Martelo
Batting: SHB Ron Wooten 0-0: Called Strike
0-1: Ball
1-1: Fly out, F8 (Flyball, 8LD)
Batting: RHB Gene Wilson 0-0: Ball
1-0: Ball
2-0: Called Strike
2-1: Fly out, F6 (Popup, 4M)
Batting: LHB Luther Greene 0-0: Fly out, F6 (Line Drive, 6)
Bottom of the 2nd over - 0 runs, 0 hits, 0 errors, 0 left on base; Ogallala 0 - Memphis 0
TOP OF THE 3RD
Ogallala Octopi batting - Pitching for Memphis Music : LHP Brant Mielke
Batting: RHB Carlos Martínez 0-0: Fly out, F9 (Line Drive, 89M)
Batting: LHB Lauren Hilfiker 0-0: Ball
1-0: Called Strike
1-1: Called Strike
1-2: Ball
2-2: Strikes out looking
Batting: RHB Alejandro Cantú 0-0: Called Strike
0-1: Fly out, F7 (Flyball, 7)
Top of the 3rd over - 0 runs, 0 hits, 0 errors, 0 left on base; Ogallala 0 - Memphis 0
BOTTOM OF THE 3RD
Memphis Music batting - Pitching for Ogallala Octopi : LHP Venceslau Martelo
Batting: RHB Jeffrey O'Tarcert 0-0: Ball
1-0: Called Strike
1-1: Ball
2-1: Swinging Strike
2-2: Strikes out swinging
Batting: RHB António Delgado 0-0: Swinging Strike
0-1: Foul Ball, location: 2F
0-2: Strikes out swinging
Batting: LHB Klaas Westerduin 0-0: Ground out 4-3 (Groundball, 4M)
Bottom of the 3rd over - 0 runs, 0 hits, 0 errors, 0 left on base; Ogallala 0 - Memphis 0
TOP OF THE 4TH
Ogallala Octopi batting - Pitching for Memphis Music : LHP Brant Mielke
Batting: RHB Kao-tsu Koo 0-0: Ball
1-0: Ball
2-0: Ball
3-0: Base on Balls
Batting: RHB David Stone 0-0: Ball
1-0: Swinging Strike
1-1: Ball
2-1: Foul Ball, location: 2F
2-2: Ball
3-2: Strikes out swinging
Batting: RHB Ricardo Torres 0-0: Ball
1-0: Foul Ball, location: 2F
1-1: Swinging Strike
1-2: Ball
2-2: Strikes out swinging
Batting: RHB Mike Moss 0-0: Fly out, F8 (Flyball, 8LD)
Top of the 4th over - 0 runs, 0 hits, 0 errors, 1 left on base; Ogallala 0 - Memphis 0
BOTTOM OF THE 4TH
Memphis Music batting - Pitching for Ogallala Octopi : LHP Venceslau Martelo
Batting: RHB Clint Morgan 0-0: SINGLE (Line Drive, 8LS)
Batting: RHB Ethan Brierley 0-0: Fly out, F8 (Flyball, 8LXD)
Batting: RHB Pellervo Rintanen 0-0: Ball
1-0: Fly out, F5 (Popup, 5)
Batting: SHB Ron Wooten 0-0: Ball
1-0: Ball
2-0: Called Strike
2-1: SINGLE (Line Drive, 56)
Clint Morgan to second
Batting: RHB Gene Wilson 0-0: Foul Ball, location: 2F
0-1: Fly out, F2 (Popup, 23F)
Bottom of the 4th over - 0 runs, 2 hits, 0 errors, 2 left on base; Ogallala 0 - Memphis 0
TOP OF THE 5TH
Ogallala Octopi batting - Pitching for Memphis Music : LHP Brant Mielke
Batting: RHB Salvador Gisbert 0-0: Foul Ball, location: 2F
0-1: Ball
1-1: Foul Ball, location: 2F
1-2: Ball
2-2: Ground out 5-3 (Groundball, 5L)
Batting: RHB Phil van Oosterom 0-0: Swinging Strike
0-1: Called Strike
0-2: Ball
1-2: Strikes out swinging
Batting: RHB Carlos Martínez 0-0: Ball
1-0: Foul Ball, location: 2F
1-1: Foul Ball, location: 2F
1-2: Foul Ball, location: 2F
1-2: Ball
2-2: SINGLE (Groundball, 56D)
Batting: LHB Lauren Hilfiker 0-0: Fly out, F7 (Flyball, 7S)
Top of the 5th over - 0 runs, 1 hit, 0 errors, 1 left on base; Ogallala 0 - Memphis 0
BOTTOM OF THE 5TH
Memphis Music batting - Pitching for Ogallala Octopi : LHP Venceslau Martelo
Batting: LHB Luther Greene 0-0: Called Strike
0-1: Foul Ball, location: 2F
0-2: Fly out, F5 (Popup, 56S)
Batting: RHB Jeffrey O'Tarcert 0-0: Called Strike
0-1: Ball
1-1: Foul Ball, location: 2F
1-2: Foul Ball, location: 2F
1-2: Ball
2-2: Foul Ball, location: 2F
2-2: Foul Ball, location: 2F
2-2: Ball
3-2: Foul Ball, location: 2F
3-2: Foul Ball, location: 2F
3-2: Base on Balls
Batting: RHB António Delgado 0-0: Foul Ball, location: 2F
0-1: Swinging Strike
0-2: Strikes out swinging
Batting: LHB Klaas Westerduin 0-0: Ball
Jeffrey O'Tarcert is caught stealing 2nd base
Bottom of the 5th over - 0 runs, 0 hits, 0 errors, 0 left on base; Ogallala 0 - Memphis 0
TOP OF THE 6TH
Ogallala Octopi batting - Pitching for Memphis Music : LHP Brant Mielke
Batting: RHB Alejandro Cantú 0-0: Ball
1-0: Ball
2-0: Fly out, F5 (Flyball, 5D)
Batting: RHB Kao-tsu Koo 0-0: Called Strike
0-1: Foul Ball, location: 2F
0-2: Ball
1-2: Ball
2-2: Fly out, F8 (Flyball, 78D)
Pitching: RHP Vicente Mota
Batting: RHB David Stone 0-0: Called Strike
0-1: Ball
1-1: Called Strike
1-2: Strikes out swinging
Top of the 6th over - 0 runs, 0 hits, 0 errors, 0 left on base; Ogallala 0 - Memphis 0
BOTTOM OF THE 6TH
Memphis Music batting - Pitching for Ogallala Octopi : LHP Venceslau Martelo
Batting: LHB Klaas Westerduin 0-0: Foul Ball, location: 2F
0-1: Ball
1-1: Foul Ball, location: 2F
1-2: Hit by Pitch
Batting: RHB Clint Morgan 0-0: Ball
1-0: Bunted foul
1-1: Reached on error, E1 (Groundball, 15)
Klaas Westerduin to third
Pitching: RHP Peter Lydell
Batting: RHB Ethan Brierley 0-0: Called Strike
0-1: Foul Ball, location: 2F
0-2: Ball
1-2: Ball
2-2: Ball
Wild Pitch!
Klaas Westerduin scores
Clint Morgan to third
3-2: Base on Balls
Batting: RHB Pellervo Rintanen 0-0: Ball
1-0: Ball
2-0: Fly out, F7 (Flyball, 7LM)
Runner from 3rd tags up, SCORES, throw made
Batting: SHB Ron Wooten 0-0: Ball
1-0: Called Strike
1-1: Ball
2-1: Ball
3-1: Base on Balls
Ethan Brierley to second
Batting: RHB Gene Wilson 0-0: Ball
1-0: Ball
2-0: Fly out, F3 (Popup, 3SF)
Batting: LHB Luther Greene 0-0: Called Strike
0-1: Ball
1-1: Swinging Strike
1-2: Ball
2-2: Strikes out swinging
Bottom of the 6th over - 2 runs, 0 hits, 1 error, 2 left on base; Ogallala 0 - Memphis 2
TOP OF THE 7TH
Ogallala Octopi batting - Pitching for Memphis Music : RHP Vicente Mota
Batting: RHB Ricardo Torres 0-0: Ball
1-0: DOUBLE (Flyball, 8RD)
Batting: RHB Mike Moss 0-0: SINGLE (Groundball, 34S) (infield hit)
Ricardo Torres to third
Batting: RHB Salvador Gisbert 0-0: Ball
1-0: Ball
2-0: Ball
3-0: Called Strike
3-1: Base on Balls
Mike Moss to second
Batting: RHB Phil van Oosterom 0-0: Ball
1-0: Foul Ball, location: 2F
1-1: Ball
2-1: Foul Ball, location: 2F
2-2: Foul Ball, location: 2F
2-2: Strikes out swinging
Batting: RHB Carlos Martínez 0-0: Ball
1-0: Ball
2-0: Ball
3-0: Called Strike
3-1: Foul Ball, location: 2F
3-2: Grounds into fielders choice 6-2 (Groundball, 6)
Mike Moss to third
Salvador Gisbert to second
Batting: LHB Lauren Hilfiker 0-0: Called Strike
0-1: Fly out, F7 (Flyball, 78D)
Top of the 7th over - 0 runs, 2 hits, 0 errors, 3 left on base; Ogallala 0 - Memphis 2
BOTTOM OF THE 7TH
Memphis Music batting - Pitching for Ogallala Octopi : RHP Peter Lydell
Batting: RHB Jeffrey O'Tarcert 0-0: Ball
1-0: SINGLE (Line Drive, 4)
Batting: RHB António Delgado 0-0: Ball
1-0: Called Strike
1-1: Swinging Strike
1-2: SINGLE (Line Drive, 7S)
Jeffrey O'Tarcert to second
Pinch Hitting: LHB Gabriel Muńóz 0-0: Ball
1-0: Called Strike
1-1: Reached on error, E3 (Groundball, 3S)
Jeffrey O'Tarcert scores
António Delgado to third
Batting: RHB Clint Morgan 0-0: Ball
1-0: Ball
2-0: Ball
3-0: Base on Balls
Batting: RHB Ethan Brierley 0-0: Called Strike
0-1: Foul Ball, location: 2F
0-2: Foul Ball, location: 2F
0-2: Ball
1-2: Ball
2-2: Ball
3-2: SINGLE (Flyball, 78S)
António Delgado scores
Gabriel Muńóz to third
Clint Morgan to second
Batting: RHB Pellervo Rintanen 0-0: Called Strike
0-1: SINGLE (Groundball, 4D)
Gabriel Muńóz scores
Clint Morgan to third
Ethan Brierley to second
Runner from 3rd tries for Home, SAFE, no throw
Pitching: RHP Ye-qing Tsai
Batting: SHB Ron Wooten 0-0: Grounds into double play, 4-6-3 (Groundball, 4)
Ethan Brierley to third
Batting: RHB Gene Wilson 0-0: Foul Ball, location: 2F
0-1: Foul Ball, location: 2F
0-2: Foul Ball, location: 2F
0-2: Strikes out swinging
Bottom of the 7th over - 4 runs, 4 hits, 1 error, 1 left on base; Ogallala 0 - Memphis 6
TOP OF THE 8TH
Ogallala Octopi batting - Pitching for Memphis Music : RHP Vicente Mota
Now in RF: Gabriel Muńóz
Batting: RHB Alejandro Cantú 0-0: Foul Ball, location: 2F
0-1: Ball
1-1: Foul Ball, location: 2F
1-2: Strikes out swinging
Batting: RHB Kao-tsu Koo 0-0: Swinging Strike
0-1: Swinging Strike
0-2: Ground out 4-3 (Groundball, 4)
Batting: RHB David Stone 0-0: Called Strike
0-1: Foul Ball, location: 2F
0-2: Ground out 6-3 (Groundball, 6)
Top of the 8th over - 0 runs, 0 hits, 0 errors, 0 left on base; Ogallala 0 - Memphis 6
BOTTOM OF THE 8TH
Memphis Music batting - Pitching for Ogallala Octopi : RHP Ye-qing Tsai
Batting: LHB Luther Greene 0-0: Ground out 1-3 (Groundball, 13)
Batting: RHB Jeffrey O'Tarcert 0-0: Swinging Strike
0-1: Ball
1-1: SINGLE (Flyball, 8LS)
Batting: RHB António Delgado 0-0: Ball
1-0: Ball
2-0: Called Strike
2-1: SINGLE (Groundball, 56D)
Jeffrey O'Tarcert to second
Batting: LHB Gabriel Muńóz 0-0: SINGLE (Line Drive, 8LS)
Jeffrey O'Tarcert to third
António Delgado to second
Runner from 3rd tries for Home, SAFE, throw made home
Batting: RHB Clint Morgan 0-0: Ball
1-0: Ball
2-0: Called Strike
2-1: Called Strike
2-2: Ball
3-2: Foul Ball, location: 2F
3-2: Strikes out looking
Batting: RHB Ethan Brierley 0-0: Ball
1-0: SINGLE (Line Drive, 4D)
António Delgado to third
Gabriel Muńóz to second
Runner from 3rd tries for Home, SAFE, no throw
Batting: RHB Pellervo Rintanen 0-0: Called Strike
0-1: Fly out, F9 (Flyball, 9S)
Bottom of the 8th over - 2 runs, 4 hits, 0 errors, 2 left on base; Ogallala 0 - Memphis 8
TOP OF THE 9TH
Ogallala Octopi batting - Pitching for Memphis Music : RHP Vicente Mota
Batting: RHB Ricardo Torres 0-0: Ball
1-0: Ball
2-0: Called Strike
2-1: Ball
3-1: Fly out, F8 (Flyball, 8RM)
Batting: RHB Mike Moss 0-0: Called Strike
0-1: DOUBLE (Flyball, 9D)
Batting: RHB Salvador Gisbert 0-0: Ball
1-0: Ball
2-0: Called Strike
2-1: Foul Ball, location: 2F
2-2: Ground out 6-3 (Groundball, 6)
Mike Moss to third
Batting: RHB Phil van Oosterom 0-0: Foul Ball, location: 2F
0-1: Ball
1-1: Ball
2-1: DOUBLE (Flyball, 78D)
Mike Moss scores
Batting: RHB Carlos Martínez 0-0: Swinging Strike
0-1: Foul Ball, location: 2F
0-2: Ball
1-2: Ground out 1-3 (Groundball, 15S)
Top of the 9th over - 1 run, 2 hits, 0 errors, 1 left on base; Ogallala 1 - Memphis 8
Friday, March 29th, 2019 - OOTP Baseball 18.8 Build 76